amy, neutral female gnomish Ranger G o G ... *.... ....<.. ..h@s.. G . |ds.. ---*- amy the Lookout Experience level: 5 Strength: 15 Dexterity: 12 Constitution: 15 Intelligence: 13 Wisdom: 13 Charisma: 7 Health: 0(38) Energy: 25(25) Def: 10 Gold: 109 Moves: 2217 Dungeon seed: TpxbJJ_TPHiCk27l Game ID: amy_1465140087 Your Inventory: Coins $ - 109 gold pieces Weapons a - an uncursed +1 dagger b - an uncursed +2 crossbow (weapon in hand) c - 49 uncursed +2 crossbow bolts (in quiver) d - 34 uncursed +0 crossbow bolts h - an uncursed +1 orcish dagger i - 8 uncursed +4 crossbow bolts z - an uncursed +0 elven dagger I - an uncursed +0 orcish dagger V - 11 uncursed +2 crossbow bolts W - 9 blessed +1 crossbow bolts X - 19 blessed +0 crossbow bolts Y - 234 uncursed +0 crossbow bolts Z - 16 uncursed +1 crossbow bolts Armor e - an uncursed +2 cloak of displacement (being worn) q - an uncursed +0 orcish helm (being worn) C - an uncursed +0 pair of low boots (being worn) N - an uncursed +0 elven mithril-coat (being worn) Comestibles f - 3 uncursed cram rations u - 2 uncursed food rations B - 2 uncursed tripe rations Potions o - an uncursed potion of booze t - an uncursed potion of gain ability K - an uncursed potion of full healing Wands g - an uncursed wand of slow monster (0:2) A - an uncursed wand of striking (0:7) Tools r - an uncursed oilskin sack v - an uncursed skeleton key w - an uncursed magic lamp (lit) J - an uncursed blindfold Gems n - an uncursed worthless piece of white glass Contents of the oilskin sack: an uncursed scroll of identify a blessed scroll of stinking cloud named ok Spells and supernatural/magical abilities: Name Level Category Fail Memory W - pray for help -- divine ? -- Your skills at the end: Miscellaneous Skills wands [Basic] Weapon Skills dagger [Basic] club [Basic] crossbow [Basic] Spellcasting Skills Final Attributes: You were devoutly aligned. You had automatic searching. You had infravision. You were displaced. You are dead. Vanquished creatures: an iguana 8 hill orcs a rothe 2 giant bats 2 dwarf zombies a wererat 4 hobbits a large kobold 2 geckos 2 brown molds a yellow mold a green mold 7 gnomes a gnome zombie 7 jackals a fox 2 kobolds 6 newts 2 goblins 7 grid bugs 2 lichens 61 creatures vanquished. Voluntary challenges: You did not adorn yourself with jewelry or accessories. You used a wielded weapon 43 times, starting on turn 188. You did not apply a unicorn horn. You read items or engraved 1 time, starting on turn 913. You never genocided any monsters. You never polymorphed an object. You never changed form. You used no wishes. You never split a pudding. You never wrote Elbereth's name. You never violated your personal moral code. Dungeon overview: The Dungeons of Doom: levels 1 to 2 Level 1 a long staircase Level 2 a fountain stairs to The Gnomish Mines The Gnomish Mines: levels 3 to 7 Level 3 stairs to The Dungeons of Doom Level 4 Level 5 some shops, a temple to Mars, a magic chest, some fountains Level 6 Level 7 <- You were here History has recorded: On T:1 you entered the Dungeons of Doom to retrieve the Amulet of Yendor! On T:333 you reached level 2 of The Dungeons of Doom. On T:596 you reached level 1 of The Gnomish Mines. On T:666 you advanced to experience level 2. On T:1031 you reached level 2 of The Gnomish Mines. On T:1039 you advanced to experience level 3. On T:1236 you reached level 3 of The Gnomish Mines. On T:1341 you entered the Minetown temple On T:1370 you advanced to experience level 4. On T:1381 you opened a magic chest. On T:1383 you opened a magic chest. On T:1660 you opened a magic chest. On T:1793 you opened a magic chest. On T:1794 you opened a magic chest. On T:1801 you opened a magic chest. On T:1804 you opened a magic chest. On T:1804 you opened a magic chest. On T:1843 you advanced to experience level 5. On T:1970 you reached level 4 of The Gnomish Mines. On T:2202 you reached level 5 of The Gnomish Mines. Score breakdown: Gold: 109 ( 10 points) Experience: 5 levels ( 400 points) Exploration: 7 levels ( 180 points) Discoveries: 6 items ( 300 points) Variety of kills: 21 monsters ( 1050 points) Major goal: reached Minetown ( 500 points) Survival: died (score multiplied by 3) Total score: 7320 Latest messages: @Ì@ bites the paper golem. The giant spider starts to attack you, but pulls back. (2x) The giant spider strikes at your displaced image and misses you! The giant spider starts to attack you, but pulls back. (2x) You feel that Venus is well-pleased. You feel much better. The giant spider bites! The giant spider just misses! The giant spider bites! The crossbow bolt hits the giant spider! The giant spider misses. (2x) The crossbow bolt hits the giant spider! The giant spider bites! The giant spider misses. The crossbow bolt hits the giant spider. The giant spider bites! (4x) The giant spider misses. (2x) Never mind. You displace @Ì@. The giant spider just misses! The giant spider bites! You die... Final status: Goodbye amy the Ranger, killed by a giant spider... You died in The Gnomish Mines on dungeon level 7 with 7320 points, and 109 pieces of gold, after 2217 moves. You were level 5 with a maximum of 38 hit points when you died.